[ AOE2 MATCH · #460388333 ]
Team RMItalians vs Wei
[ REPLAY ANALYSIS · EXTRACTED FROM THE RECORDED GAME ]
Feudal
10:59
Castle
14:30
Imperial
30:17
| APM avg | 46.6 |
| APM peak | 79 |
| eAPM avg | 23.0 |
| Villagers / military | 78 / 69 |
Focus
⚔️ 34.2% · 🌾 65.8%
Genoese Crossbowman ×50 · Petard ×9 · Bombard Cannon ×5 · Mangonel ×2 · Battering Ram ×2 · Trebuchet (Packed) ×1
Feudal
10:56
Castle
14:51
Imperial
27:51
| APM avg | 37.9 |
| APM peak | 72 |
| eAPM avg | 19.8 |
| Villagers / military | 76 / 88 |
Focus
⚔️ 28.3% · 🌾 71.7%
Spearman ×46 · Rattan Archer ×39 · Petard ×1 · Scorpion ×1 · Trebuchet (Packed) ×1
Feudal
10:26
Castle
13:55
Imperial
27:25
| APM avg | 32.8 |
| APM peak | 92 |
| eAPM avg | 23.0 |
| Villagers / military | 159 / 133 |
Focus
⚔️ 30.6% · 🌾 69.4%
Knight ×122 · Trebuchet (Packed) ×8 · Monk ×3
Feudal
—
Castle
—
Imperial
—
| APM avg | 30.5 |
| APM peak | 64 |
| eAPM avg | 19.0 |
| Villagers / military | 116 / 56 |
Focus
⚔️ 32.4% · 🌾 67.6%
Spearman ×53 · Unknown (1949) ×51 · Militia ×3
Feudal
11:52
Castle
15:27
Imperial
26:48
| APM avg | 33.9 |
| APM peak | 60 |
| eAPM avg | 19.1 |
| Villagers / military | 119 / 54 |
Focus
⚔️ 23.7% · 🌾 76.3%
Longbowman ×49 · Trebuchet (Packed) ×5
Feudal
10:08
Castle
14:10
Imperial
26:28
| APM avg | 32.8 |
| APM peak | 80 |
| eAPM avg | 14.8 |
| Villagers / military | 80 / 24 |
Focus
⚔️ 21.4% · 🌾 78.6%
Janissary ×13 · Monk ×5 · Bombard Cannon ×4 · Mangonel ×1 · Scorpion ×1
Feudal
10:32
Castle
14:06
Imperial
29:10
| APM avg | 55.5 |
| APM peak | 129 |
| eAPM avg | 28.8 |
| Villagers / military | 133 / 120 |
Focus
⚔️ 32.3% · 🌾 67.7%
Spearman ×67 · Skirmisher ×44 · Knight ×7 · Cavalry Archer ×2
Feudal
10:56
Castle
13:37
Imperial
27:30
| APM avg | 37.6 |
| APM peak | 79 |
| eAPM avg | 23.1 |
| Villagers / military | 183 / 169 |
Focus
⚔️ 16.9% · 🌾 83.1%
Battle Elephant ×160 · Knight ×8 · Scout Cavalry ×1
Match map
Initial resources + every placement click. Lines = walls · curves = elevation contours. ◆ gold · ⬟ stone · ● berries · ✦ relic · ◌ wall gap
Your base· ✓ Closed at 14:30 · 0t walls · 3 gate(s)
ntn88's base· ✓ Closed at 14:51 · 0t walls · 2 gate(s)
啥牌子的's base· ✓ Closed at 13:55 · 0t walls · 3 gate(s)
MildCell4213763's base· ✓ Closed at 13:27 · 0t walls · 2 gate(s)
骑在你身上揍你's base· ✓ Closed at 15:27 · 0t walls · 2 gate(s)
23's base· ✓ Closed at 14:10 · 0t walls · 2 gate(s)
neutron_star's base· ✓ Closed at 14:06 · 0t walls · 2 gate(s)
verszomj's base· ✓ Closed at 13:37 · 0t walls · 2 gate(s)
Smoothed initial terrain · ◌ = detected wall gap · hover for details
Inputs per minute
— 飞天的飞 - - ntn88
Build order — 飞天的飞
First 150 of 233 actions detected
| 0:04 | Create | Villager (Male) |
| 0:05 | Create | Villager (Male) |
| 0:05 | Create | Villager (Male) |
| 0:06 | Build | House |
| 0:07 | Build | House |
| 0:08 | Create | Villager (Male) |
| 0:08 | Create | Villager (Male) |
| 1:23 | Create | Villager (Male) |
| 1:23 | Create | Villager (Male) |
| 1:45 | Create | Villager (Male) |
| 1:58 | Build | Lumber Camp |
| 2:03 | Create | Villager (Male) |
| 2:03 | Create | Villager (Male) |
| 2:21 | Create | Villager (Male) |
| 3:03 | Create | Villager (Male) |
| 3:11 | Create | Villager (Male) |
| 3:28 | Build | House |
| 3:30 | Build | House |
| 3:31 | Build | House |
| 4:05 | Create | Villager (Male) |
| 4:05 | Create | Villager (Male) |
| 4:35 | Create | Villager (Male) |
| 4:41 | Create | Villager (Male) |
| 4:56 | Build | Mill |
| 5:05 | Create | Villager (Male) |
| 5:13 | Create | Villager (Male) |
| 5:13 | Create | Villager (Male) |
| 5:37 | Create | Villager (Male) |
| 5:56 | Create | Villager (Male) |
| 5:56 | Create | Villager (Male) |
| 5:56 | Create | Villager (Male) |
| 6:29 | Build | House |
| 6:50 | Build | Farm |
| 7:08 | Create | Villager (Male) |
| 7:20 | Build | Farm |
| 7:41 | Build | Mining Camp |
| 7:45 | Create | Villager (Male) |
| 8:31 | Build | Mining Camp |
| 8:41 | Research | Feudal Age |
| 9:55 | Create | Villager (Male) |
| 9:55 | Create | Villager (Male) |
| 10:59 | Age | Feudal Age |
| 11:01 | Build | Market |
| 11:05 | Build | Blacksmith |
| 11:07 | Build | House |
| 11:17 | Research | Double-Bit Axe |
| 11:50 | Research | Castle Age |
| 12:22 | Research | Horse Collar |
| 12:44 | Build | Farm |
| 12:49 | Build | Farm |
| 13:16 | Build | Farm |
| 13:57 | Create | Villager (Male) |
| 14:30 | Age | Castle Age |
| 14:38 | Build | Monastery |
| 14:44 | Build | Castle |
| 14:51 | Create | Villager (Male) |
| 14:52 | Research | Bow Saw |
| 15:10 | Research | Heavy Plow |
| 15:16 | Build | Farm |
| 15:22 | Create | Villager (Male) |
| 15:25 | Build | Farm |
| 15:32 | Build | Mining Camp |
| 15:42 | Create | Villager (Male) |
| 15:52 | Build | Farm |
| 16:00 | Build | Farm |
| 16:00 | Build | Farm |
| 16:06 | Create | Villager (Male) |
| 16:09 | Create | Genoese Crossbowman |
| 16:15 | Build | Farm |
| 16:20 | Build | Farm |
| 16:32 | Create | Villager (Male) |
| 16:34 | Create | Genoese Crossbowman |
| 16:55 | Create | Villager (Male) |
| 16:56 | Create | Genoese Crossbowman |
| 17:14 | Create | Genoese Crossbowman |
| 17:15 | Create | Villager (Male) |
| 17:18 | Build | Farm |
| 17:21 | Build | Farm |
| 17:26 | Create | Petard |
| 17:28 | Build | Farm |
| 17:30 | Build | Farm |
| 17:40 | Build | Farm |
| 17:48 | Create | Villager (Male) |
| 17:50 | Create | Genoese Crossbowman |
| 17:59 | Create | Petard |
| 18:07 | Build | Farm |
| 18:16 | Create | Villager (Male) |
| 18:19 | Research | Fletching |
| 18:55 | Create | Villager (Male) |
| 18:56 | Create | Genoese Crossbowman |
| 18:59 | Build | Farm |
| 19:01 | Research | Bodkin Arrow |
| 19:23 | Build | Siege Workshop |
| 19:24 | Create | Villager (Male) |
| 19:36 | Create | Genoese Crossbowman |
| 19:38 | Create | Villager (Male) |
| 19:42 | Create | Villager (Male) |
| 19:53 | Build | House |
| 20:08 | Create | Genoese Crossbowman |
| 20:11 | Create | Villager (Male) |
| 20:17 | Create | Villager (Male) |
| 20:31 | Create | Mangonel |
| 20:45 | Build | Farm |
| 20:48 | Build | House |
| 20:56 | Create | Genoese Crossbowman |
| 21:25 | Create | Villager (Male) |
| 21:27 | Build | House |
| 21:31 | Research | Padded Archer Armor |
| 21:32 | Research | Padded Archer Armor |
| 21:42 | Create | Villager (Male) |
| 21:46 | Create | Petard |
| 21:46 | Create | Petard |
| 21:55 | Build | Lumber Camp |
| 22:02 | Create | Villager (Male) |
| 22:04 | Build | House |
| 22:16 | Create | Petard |
| 22:25 | Create | Villager (Male) |
| 22:34 | Create | Battering Ram |
| 22:39 | Create | Petard |
| 22:44 | Create | Villager (Male) |
| 22:49 | Build | University |
| 23:01 | Build | Town Center |
| 23:04 | Create | Villager (Male) |
| 23:28 | Create | Genoese Crossbowman |
| 23:29 | Create | Genoese Crossbowman |
| 23:29 | Create | Genoese Crossbowman |
| 23:38 | Create | Villager (Male) |
| 23:53 | Create | Villager (Male) |
| 23:56 | Create | Genoese Crossbowman |
| 24:00 | Create | Villager (Male) |
| 24:06 | Create | Genoese Crossbowman |
| 24:39 | Create | Villager (Male) |
| 24:41 | Create | Genoese Crossbowman |
| 24:54 | Create | Villager (Male) |
| 24:56 | Create | Genoese Crossbowman |
| 25:27 | Create | Villager (Male) |
| 25:38 | Research | Ballistics |
| 25:40 | Create | Genoese Crossbowman |
| 26:21 | Create | Villager (Male) |
| 26:32 | Create | Villager (Male) |
| 26:34 | Build | House |
| 27:07 | Research | Imperial Age |
| 27:08 | Create | Villager (Male) |
| 27:31 | Create | Genoese Crossbowman |
| 27:52 | Create | Genoese Crossbowman |
| 28:30 | Create | Villager (Male) |
| 28:31 | Build | House |
| 28:33 | Create | Genoese Crossbowman |
| 28:37 | Create | Villager (Male) |
| 28:39 | Research | Stone Mining |
Build order — ntn88
First 150 of 240 actions detected
| 0:01 | Create | Villager (Male) |
| 0:01 | Create | Villager (Male) |
| 0:01 | Create | Villager (Male) |
| 0:02 | Build | House |
| 0:04 | Build | House |
| 0:20 | Create | Villager (Male) |
| 1:26 | Create | Villager (Male) |
| 1:46 | Build | Lumber Camp |
| 1:53 | Create | Villager (Male) |
| 2:16 | Create | Villager (Male) |
| 2:47 | Create | Villager (Male) |
| 2:57 | Create | Villager (Male) |
| 2:59 | Build | House |
| 3:00 | Build | House |
| 3:35 | Create | Villager (Male) |
| 3:48 | Create | Villager (Male) |
| 4:20 | Create | Villager (Male) |
| 4:20 | Create | Villager (Male) |
| 4:37 | Create | Villager (Male) |
| 4:48 | Create | Villager (Male) |
| 5:23 | Create | Villager (Male) |
| 5:31 | Create | Villager (Male) |
| 5:31 | Create | Villager (Male) |
| 6:10 | Create | Villager (Male) |
| 6:19 | Build | Mill |
| 7:02 | Build | Farm |
| 7:03 | Build | Farm |
| 7:03 | Build | Farm |
| 7:07 | Build | Farm |
| 7:11 | Build | House |
| 7:17 | Create | Villager (Male) |
| 7:56 | Create | Villager (Male) |
| 8:14 | Create | Villager (Male) |
| 8:23 | Build | Farm |
| 8:42 | Research | Feudal Age |
| 8:52 | Build | Farm |
| 10:07 | Create | Villager (Male) |
| 10:07 | Create | Villager (Male) |
| 10:22 | Create | Villager (Male) |
| 10:56 | Age | Feudal Age |
| 11:00 | Build | Market |
| 11:04 | Build | Blacksmith |
| 11:50 | Build | House |
| 11:51 | Build | House |
| 11:55 | Research | Castle Age |
| 12:39 | Research | Loom |
| 12:50 | Create | Villager (Male) |
| 12:53 | Research | Double-Bit Axe |
| 12:53 | Research | Horse Collar |
| 13:57 | Build | Outpost |
| 13:58 | Research | Town Watch |
| 14:00 | Create | Villager (Male) |
| 14:51 | Age | Castle Age |
| 14:54 | Build | Town Center |
| 14:55 | Create | Villager (Male) |
| 15:01 | Build | Town Center |
| 15:06 | Research | Bow Saw |
| 15:06 | Research | Heavy Plow |
| 15:21 | Build | Mining Camp |
| 15:41 | Research | Wheelbarrow |
| 15:41 | Create | Villager (Male) |
| 16:12 | Build | Siege Workshop |
| 16:15 | Create | Villager (Male) |
| 16:17 | Create | Villager (Male) |
| 16:18 | Build | Farm |
| 16:20 | Create | Villager (Male) |
| 16:29 | Create | Villager (Male) |
| 16:37 | Create | Villager (Male) |
| 16:37 | Create | Villager (Male) |
| 16:39 | Build | Farm |
| 16:40 | Build | Farm |
| 16:51 | Build | Outpost |
| 16:55 | Create | Villager (Male) |
| 17:01 | Build | Farm |
| 17:06 | Build | Farm |
| 17:15 | Create | Villager (Male) |
| 17:24 | Create | Scorpion |
| 17:26 | Build | Farm |
| 17:35 | Build | Outpost |
| 17:51 | Build | Farm |
| 17:52 | Build | Farm |
| 17:53 | Build | Farm |
| 17:53 | Create | Villager (Male) |
| 18:01 | Create | Villager (Male) |
| 18:06 | Build | Farm |
| 18:25 | Create | Villager (Male) |
| 18:28 | Build | Farm |
| 18:35 | Build | Farm |
| 18:36 | Build | Farm |
| 18:37 | Create | Villager (Male) |
| 18:44 | Build | House |
| 18:52 | Create | Villager (Male) |
| 18:57 | Build | Farm |
| 19:07 | Build | Farm |
| 19:08 | Create | Villager (Male) |
| 19:15 | Create | Villager (Male) |
| 19:21 | Build | Barracks |
| 19:36 | Build | House |
| 19:39 | Build | House |
| 19:41 | Build | House |
| 19:43 | Build | House |
| 19:45 | Build | House |
| 19:49 | Build | House |
| 20:05 | Create | Villager (Male) |
| 20:13 | Create | Villager (Male) |
| 20:13 | Create | Villager (Male) |
| 20:21 | Build | Castle |
| 20:28 | Create | Villager (Male) |
| 20:44 | Create | Villager (Male) |
| 20:48 | Build | Farm |
| 20:50 | Build | Farm |
| 20:52 | Create | Villager (Male) |
| 20:52 | Create | Villager (Male) |
| 20:53 | Create | Villager (Male) |
| 20:57 | Build | House |
| 21:25 | Build | Gate |
| 21:32 | Create | Villager (Male) |
| 21:32 | Create | Villager (Male) |
| 21:33 | Create | Villager (Male) |
| 21:33 | Create | Villager (Male) |
| 21:35 | Build | Farm |
| 21:38 | Build | Farm |
| 21:39 | Build | Farm |
| 21:42 | Build | Farm |
| 21:55 | Build | House |
| 21:56 | Create | Villager (Male) |
| 21:58 | Create | Villager (Male) |
| 22:12 | Create | Rattan Archer |
| 22:13 | Create | Rattan Archer |
| 22:13 | Create | Rattan Archer |
| 22:13 | Create | Rattan Archer |
| 22:14 | Create | Villager (Male) |
| 22:17 | Research | Gold Mining |
| 22:21 | Research | Fletching |
| 22:28 | Build | Farm |
| 22:33 | Build | Farm |
| 22:34 | Build | Farm |
| 22:39 | Build | Mining Camp |
| 22:40 | Create | Villager (Male) |
| 23:18 | Build | Gate |
| 24:00 | Build | University |
| 24:33 | Research | Stone Mining |
| 24:41 | Research | Imperial Age |
| 24:41 | Research | Imperial Age |
| 24:42 | Create | Rattan Archer |
| 24:42 | Create | Rattan Archer |
| 25:06 | Research | Bodkin Arrow |
| 25:23 | Research | Padded Archer Armor |
| 25:25 | Create | Rattan Archer |
| 25:25 | Create | Rattan Archer |
Build order — 啥牌子的
First 150 of 499 actions detected
| 0:02 | Create | Villager (Male) |
| 0:03 | Create | Villager (Male) |
| 0:03 | Create | Villager (Male) |
| 0:03 | Create | Villager (Male) |
| 0:05 | Build | House |
| 0:06 | Build | House |
| 0:39 | Create | Villager (Male) |
| 0:39 | Create | Villager (Male) |
| 1:20 | Create | Villager (Male) |
| 1:20 | Create | Villager (Male) |
| 2:05 | Create | Villager (Male) |
| 2:06 | Create | Villager (Male) |
| 2:06 | Create | Villager (Male) |
| 2:06 | Create | Villager (Male) |
| 2:46 | Create | Villager (Male) |
| 2:46 | Create | Villager (Male) |
| 3:01 | Build | Lumber Camp |
| 3:05 | Create | Villager (Male) |
| 3:05 | Create | Villager (Male) |
| 3:06 | Create | Villager (Male) |
| 3:19 | Build | House |
| 3:20 | Build | House |
| 3:22 | Build | House |
| 3:22 | Build | House |
| 3:22 | Build | House |
| 3:27 | Create | Villager (Male) |
| 3:27 | Create | Villager (Male) |
| 3:28 | Create | Villager (Male) |
| 4:36 | Create | Villager (Male) |
| 4:36 | Create | Villager (Male) |
| 4:37 | Create | Villager (Male) |
| 4:43 | Create | Villager (Male) |
| 4:43 | Create | Villager (Male) |
| 4:43 | Create | Villager (Male) |
| 5:06 | Build | Mill |
| 5:07 | Create | Villager (Male) |
| 5:07 | Create | Villager (Male) |
| 5:12 | Create | Villager (Male) |
| 5:12 | Create | Villager (Male) |
| 6:54 | Build | Lumber Camp |
| 7:40 | Create | Villager (Male) |
| 7:58 | Build | Mining Camp |
| 8:11 | Research | Feudal Age |
| 8:51 | Build | House |
| 9:15 | Create | Villager (Male) |
| 9:15 | Create | Villager (Male) |
| 10:26 | Age | Feudal Age |
| 10:30 | Build | Market |
| 10:34 | Build | Blacksmith |
| 11:30 | Research | Castle Age |
| 11:33 | Build | House |
| 11:34 | Build | House |
| 11:49 | Build | Farm |
| 11:52 | Build | Farm |
| 12:07 | Research | Double-Bit Axe |
| 12:48 | Research | Horse Collar |
| 12:48 | Research | Horse Collar |
| 12:57 | Build | Farm |
| 12:59 | Build | Farm |
| 13:01 | Build | Farm |
| 13:35 | Create | Villager (Male) |
| 13:38 | Create | Villager (Male) |
| 13:39 | Create | Villager (Male) |
| 13:52 | Create | Villager (Male) |
| 13:55 | Age | Castle Age |
| 13:57 | Build | Town Center |
| 14:17 | Build | Town Center |
| 14:42 | Create | Villager (Male) |
| 14:46 | Build | Farm |
| 14:48 | Build | Farm |
| 14:53 | Create | Villager (Male) |
| 14:53 | Create | Villager (Male) |
| 15:24 | Build | Monastery |
| 15:28 | Create | Villager (Male) |
| 15:38 | Build | Farm |
| 15:42 | Build | Farm |
| 15:43 | Create | Villager (Male) |
| 15:44 | Create | Villager (Male) |
| 16:09 | Build | Farm |
| 16:11 | Build | Farm |
| 16:13 | Build | Farm |
| 16:14 | Create | Villager (Male) |
| 16:17 | Build | House |
| 16:18 | Create | Monk |
| 16:19 | Create | Monk |
| 16:26 | Build | House |
| 16:32 | Create | Villager (Male) |
| 16:39 | Create | Villager (Male) |
| 16:42 | Build | Farm |
| 16:47 | Build | Farm |
| 16:49 | Build | Farm |
| 16:55 | Build | House |
| 17:02 | Create | Villager (Male) |
| 17:05 | Build | Farm |
| 17:07 | Build | Farm |
| 17:08 | Create | Villager (Male) |
| 17:24 | Create | Villager (Male) |
| 17:32 | Create | Villager (Male) |
| 17:45 | Create | Villager (Male) |
| 17:45 | Create | Villager (Male) |
| 17:49 | Create | Villager (Male) |
| 17:49 | Create | Villager (Male) |
| 17:54 | Build | Farm |
| 17:55 | Build | Farm |
| 17:56 | Build | Farm |
| 17:57 | Build | Farm |
| 17:58 | Build | Farm |
| 17:59 | Create | Villager (Male) |
| 18:00 | Create | Villager (Male) |
| 18:04 | Build | Farm |
| 18:10 | Build | Farm |
| 18:11 | Create | Villager (Male) |
| 18:12 | Create | Villager (Male) |
| 18:30 | Create | Villager (Male) |
| 18:30 | Create | Villager (Male) |
| 18:30 | Create | Villager (Male) |
| 18:35 | Create | Monk |
| 18:36 | Create | Villager (Male) |
| 18:47 | Create | Villager (Male) |
| 18:47 | Create | Villager (Male) |
| 18:51 | Build | Farm |
| 18:52 | Build | Farm |
| 18:55 | Create | Villager (Male) |
| 18:55 | Create | Villager (Male) |
| 18:58 | Create | Villager (Male) |
| 19:23 | Build | House |
| 19:24 | Build | House |
| 19:25 | Build | House |
| 19:26 | Create | Villager (Male) |
| 19:26 | Create | Villager (Male) |
| 19:26 | Create | Villager (Male) |
| 19:26 | Create | Villager (Male) |
| 19:27 | Create | Villager (Male) |
| 19:29 | Build | Farm |
| 19:31 | Build | Farm |
| 19:34 | Build | Farm |
| 19:38 | Create | Villager (Male) |
| 19:49 | Build | Town Center |
| 19:54 | Create | Villager (Male) |
| 19:55 | Create | Villager (Male) |
| 20:05 | Research | Bow Saw |
| 20:06 | Research | Bow Saw |
| 20:10 | Build | Farm |
| 20:17 | Build | Mill |
| 20:20 | Build | Farm |
| 20:26 | Build | Mill |
| 20:30 | Create | Villager (Male) |
| 20:30 | Create | Villager (Male) |
| 20:30 | Create | Villager (Male) |
| 20:30 | Create | Villager (Male) |
Build order — MildCell4213763
First 150 of 291 actions detected
| 0:03 | Build | House |
| 0:04 | Create | Villager (Male) ×4 |
| 0:05 | Build | House |
| 1:27 | Create | Villager (Male) |
| 2:01 | Build | House |
| 2:02 | Build | House |
| 2:13 | Create | Villager (Male) |
| 2:19 | Build | Lumber Camp |
| 2:20 | Create | Villager (Male) |
| 2:55 | Create | Villager (Male) |
| 3:26 | Create | Villager (Male) |
| 3:50 | Create | Villager (Male) ×2 |
| 4:35 | Create | Villager (Male) |
| 4:35 | Create | Villager (Male) |
| 4:54 | Build | Mill |
| 4:56 | Create | Villager (Male) |
| 5:28 | Create | Villager (Male) |
| 6:02 | Create | Villager (Male) |
| 6:26 | Build | Mining Camp |
| 6:32 | Build | House |
| 6:42 | Create | Villager (Male) |
| 6:44 | Create | Villager (Male) ×4 |
| 7:34 | Create | Villager (Male) |
| 7:42 | Build | Mining Camp |
| 8:18 | Create | Villager (Male) |
| 8:19 | Create | Villager (Male) |
| 8:36 | Build | Farm |
| 8:38 | Build | Farm |
| 8:45 | Build | Farm |
| 8:52 | Create | Villager (Male) |
| 9:12 | Build | Farm |
| 9:31 | Research | Feudal Age |
| 9:35 | Create | Villager (Male) |
| 9:37 | Research | Feudal Age |
| 9:48 | Build | House |
| 10:02 | Build | Farm |
| 11:50 | Create | Villager (Male) |
| 11:51 | Create | Villager (Male) |
| 11:54 | Create | Villager (Male) |
| 12:16 | Build | Market |
| 12:19 | Build | Blacksmith |
| 12:34 | Build | Farm |
| 12:43 | Build | Farm |
| 13:27 | Research | Castle Age |
| 15:08 | Research | Double-Bit Axe |
| 15:10 | Research | Horse Collar |
| 15:12 | Research | Gold Mining |
| 15:13 | Research | Stone Mining |
| 15:47 | Research | Wheelbarrow |
| 16:01 | Build | House |
| 16:03 | Build | House |
| 16:19 | Build | Town Center |
| 16:58 | Build | Town Center |
| 17:02 | Create | Villager (Male) |
| 17:10 | Research | Gold Shaft Mining |
| 17:30 | Research | Bow Saw |
| 17:32 | Create | Villager (Male) |
| 17:35 | Build | Farm |
| 17:41 | Create | Villager (Male) ×2 |
| 17:44 | Build | Farm |
| 18:04 | Build | Farm |
| 18:08 | Create | Villager (Male) |
| 18:24 | Build | Castle |
| 18:28 | Build | Mining Camp |
| 18:30 | Create | Villager (Male) |
| 18:30 | Create | Villager (Male) |
| 18:37 | Create | Villager (Male) |
| 18:40 | Research | Loom |
| 19:02 | Build | Farm |
| 19:03 | Create | Villager (Male) |
| 19:09 | Create | Villager (Male) |
| 19:12 | Build | Farm |
| 19:21 | Build | Farm |
| 19:22 | Build | Farm |
| 19:29 | Build | Farm |
| 19:32 | Build | Farm |
| 19:34 | Create | Villager (Male) |
| 19:41 | Create | Villager (Male) |
| 19:46 | Build | Farm |
| 19:51 | Create | Villager (Male) |
| 20:02 | Build | Farm |
| 20:07 | Create | Villager (Male) |
| 20:19 | Build | Farm |
| 20:23 | Build | Farm |
| 20:30 | Create | Villager (Male) |
| 20:32 | Create | Villager (Male) |
| 20:35 | Build | Farm |
| 20:35 | Build | Farm |
| 20:37 | Create | Villager (Male) |
| 20:42 | Build | Farm |
| 20:42 | Build | Farm |
| 21:01 | Create | Villager (Male) |
| 21:03 | Build | Farm |
| 21:05 | Build | Farm |
| 21:07 | Create | Unit 1949 ×2 |
| 21:15 | Create | Villager (Male) |
| 21:21 | Build | Farm |
| 21:24 | Build | Farm |
| 21:30 | Create | Villager (Male) |
| 21:35 | Create | Unit 1949 |
| 21:46 | Create | Villager (Male) |
| 21:47 | Create | Villager (Male) |
| 21:50 | Build | Farm |
| 21:55 | Build | Farm |
| 22:01 | Build | Farm |
| 22:05 | Create | Unit 1949 |
| 22:06 | Create | Villager (Male) |
| 22:11 | Build | Farm |
| 22:13 | Create | Villager (Male) |
| 22:22 | Create | Villager (Male) |
| 22:24 | Build | Farm |
| 22:32 | Create | Unit 1949 |
| 22:38 | Create | Villager (Male) |
| 22:49 | Build | Farm |
| 22:58 | Create | Villager (Male) |
| 23:01 | Build | Farm |
| 23:07 | Create | Villager (Male) |
| 23:12 | Create | Villager (Male) |
| 23:12 | Create | Villager (Male) |
| 23:13 | Create | Villager (Male) |
| 23:31 | Build | Lumber Camp |
| 23:32 | Create | Villager (Male) |
| 23:42 | Create | Villager (Male) |
| 23:43 | Create | Unit 1949 ×3 |
| 23:44 | Create | Unit 1949 |
| 23:48 | Research | Forging |
| 23:54 | Research | Scale Mail Armor |
| 23:57 | Build | Farm |
| 24:01 | Build | House |
| 24:04 | Build | House |
| 24:05 | Build | House |
| 24:05 | Build | House |
| 24:05 | Build | House |
| 24:08 | Create | Villager (Male) |
| 24:24 | Build | House |
| 24:24 | Build | House |
| 24:28 | Create | Villager (Male) |
| 24:29 | Create | Villager (Male) |
| 24:35 | Create | Villager (Male) |
| 24:42 | Research | Scale Barding Armor |
| 24:43 | Create | Villager (Male) |
| 24:49 | Create | Villager (Male) |
| 24:51 | Build | Barracks |
| 24:56 | Create | Villager (Male) |
| 25:00 | Build | Farm |
| 25:02 | Create | Villager (Male) |
| 25:06 | Build | House |
| 25:12 | Research | Iron Casting |
| 25:14 | Create | Unit 1949 ×2 |
| 25:14 | Create | Unit 1949 |
Build order — 骑在你身上揍你
First 150 of 313 actions detected
| 0:02 | Create | Villager (Male) |
| 0:02 | Create | Villager (Male) |
| 0:02 | Create | Villager (Male) |
| 0:02 | Create | Villager (Male) |
| 0:04 | Build | House |
| 0:06 | Build | House |
| 1:19 | Create | Villager (Male) |
| 1:46 | Build | Lumber Camp |
| 1:48 | Create | Villager (Male) |
| 1:48 | Create | Villager (Male) |
| 1:59 | Create | Villager (Male) |
| 2:25 | Create | Villager (Male) |
| 2:42 | Create | Villager (Male) |
| 2:42 | Create | Villager (Male) |
| 3:07 | Create | Villager (Male) |
| 3:07 | Create | Villager (Male) |
| 3:30 | Build | House |
| 3:31 | Create | Villager (Male) |
| 4:00 | Build | House |
| 4:11 | Create | Villager (Male) |
| 4:15 | Build | Mill |
| 4:18 | Create | Villager (Male) |
| 4:18 | Create | Villager (Male) |
| 4:29 | Build | House |
| 5:32 | Create | Villager (Male) |
| 5:32 | Create | Villager (Male) |
| 5:32 | Create | Villager (Male) |
| 6:33 | Create | Villager (Male) |
| 6:33 | Create | Villager (Male) |
| 7:31 | Create | Villager (Male) |
| 7:32 | Create | Villager (Male) |
| 8:08 | Build | Mining Camp |
| 8:11 | Create | Villager (Male) |
| 8:11 | Create | Villager (Male) |
| 8:27 | Build | Farm |
| 8:29 | Build | Farm |
| 8:36 | Build | Farm |
| 8:37 | Build | Farm |
| 8:41 | Build | Farm |
| 8:56 | Create | Villager (Male) |
| 9:11 | Research | Feudal Age |
| 9:29 | Build | Mining Camp |
| 11:12 | Create | Villager (Male) |
| 11:12 | Create | Villager (Male) |
| 11:52 | Age | Feudal Age |
| 11:53 | Build | Market |
| 11:57 | Build | Blacksmith |
| 12:01 | Build | House |
| 12:12 | Research | Double-Bit Axe |
| 12:13 | Research | Double-Bit Axe |
| 12:36 | Research | Horse Collar |
| 12:36 | Research | Horse Collar |
| 12:47 | Research | Castle Age |
| 12:47 | Research | Castle Age |
| 12:53 | Research | Gold Mining |
| 13:12 | Build | House |
| 14:41 | Create | Villager (Male) |
| 15:27 | Age | Castle Age |
| 15:33 | Build | Castle |
| 15:38 | Create | Villager (Male) |
| 16:05 | Build | Town Center |
| 16:08 | Create | Villager (Male) |
| 16:20 | Research | Bow Saw |
| 16:21 | Research | Bow Saw |
| 16:22 | Research | Heavy Plow |
| 16:23 | Research | Heavy Plow |
| 16:46 | Create | Longbowman |
| 16:46 | Create | Longbowman |
| 16:49 | Build | Farm |
| 16:49 | Build | Farm |
| 16:50 | Build | Farm |
| 16:52 | Build | Farm |
| 16:52 | Build | Farm |
| 16:53 | Build | Farm |
| 17:16 | Build | Town Center |
| 17:19 | Create | Villager (Male) |
| 17:20 | Create | Longbowman |
| 17:22 | Create | Villager (Male) |
| 17:24 | Build | Farm |
| 17:26 | Build | Farm |
| 17:28 | Create | Villager (Male) |
| 17:29 | Create | Villager (Male) |
| 17:38 | Create | Longbowman |
| 17:41 | Build | House |
| 17:42 | Build | House |
| 17:46 | Build | House |
| 17:47 | Build | House |
| 17:49 | Build | House |
| 17:50 | Build | House |
| 17:56 | Build | House |
| 17:57 | Create | Villager (Male) |
| 17:57 | Create | Villager (Male) |
| 18:06 | Create | Longbowman |
| 18:41 | Build | Farm |
| 18:45 | Create | Villager (Male) |
| 19:02 | Build | Stone Wall |
| 19:07 | Build | Farm |
| 19:08 | Create | Villager (Male) |
| 19:18 | Build | House |
| 19:24 | Create | Villager (Male) |
| 19:26 | Build | Farm |
| 19:26 | Build | Farm |
| 19:30 | Create | Villager (Male) |
| 19:30 | Create | Villager (Male) |
| 19:32 | Create | Villager (Male) |
| 19:48 | Build | Stone Wall |
| 19:49 | Build | Stone Wall |
| 19:50 | Build | Stone Wall |
| 19:55 | Build | House |
| 20:09 | Create | Villager (Male) |
| 20:18 | Create | Villager (Male) |
| 20:18 | Create | Villager (Male) |
| 20:22 | Build | Lumber Camp |
| 20:37 | Create | Villager (Male) |
| 20:41 | Build | House |
| 20:42 | Build | House |
| 20:47 | Build | House |
| 20:51 | Create | Villager (Male) |
| 20:51 | Create | Villager (Male) |
| 20:57 | Build | Farm |
| 20:57 | Build | Farm |
| 20:58 | Build | Farm |
| 20:58 | Build | Farm |
| 20:58 | Build | Farm |
| 20:58 | Build | Farm |
| 21:08 | Build | House |
| 21:17 | Create | Villager (Male) |
| 21:18 | Create | Villager (Male) |
| 21:18 | Create | Villager (Male) |
| 21:28 | Build | Farm |
| 21:29 | Build | Farm |
| 21:29 | Build | Farm |
| 21:35 | Research | Wheelbarrow |
| 21:35 | Research | Wheelbarrow |
| 21:36 | Research | Wheelbarrow |
| 21:45 | Build | House |
| 21:46 | Build | House |
| 21:55 | Build | Farm |
| 22:26 | Build | Farm |
| 22:33 | Build | House |
| 22:34 | Build | House |
| 22:56 | Build | House |
| 22:57 | Build | House |
| 23:38 | Research | Imperial Age |
| 23:40 | Create | Villager (Male) |
| 23:40 | Create | Villager (Male) |
| 23:49 | Create | Villager (Male) |
| 23:49 | Create | Villager (Male) |
| 23:49 | Create | Villager (Male) |
| 23:58 | Create | Villager (Male) |
Build order — 23
First 150 of 191 actions detected
| 0:00 | Create | Villager (Male) |
| 0:00 | Create | Villager (Male) |
| 0:01 | Create | Villager (Male) |
| 0:02 | Build | House |
| 0:03 | Build | House |
| 0:11 | Create | Villager (Male) |
| 0:11 | Create | Villager (Male) |
| 1:26 | Create | Villager (Male) |
| 1:46 | Build | Lumber Camp |
| 2:02 | Create | Villager (Male) |
| 2:26 | Create | Villager (Male) |
| 2:49 | Create | Villager (Male) |
| 3:22 | Create | Villager (Male) |
| 3:35 | Build | House |
| 3:37 | Create | Villager (Male) |
| 4:02 | Create | Villager (Male) |
| 4:03 | Create | Villager (Male) |
| 4:03 | Create | Villager (Male) |
| 4:17 | Build | Mill |
| 4:28 | Create | Villager (Male) |
| 5:43 | Create | Villager (Male) |
| 5:44 | Create | Villager (Male) |
| 5:44 | Create | Villager (Male) |
| 5:54 | Build | House |
| 7:03 | Create | Villager (Male) |
| 7:22 | Build | Mining Camp |
| 7:25 | Create | Villager (Male) |
| 7:58 | Research | Feudal Age |
| 8:28 | Build | Farm |
| 9:34 | Create | Villager (Male) |
| 9:40 | Create | Villager (Male) |
| 9:59 | Build | House |
| 10:08 | Age | Feudal Age |
| 10:18 | Build | Market |
| 10:23 | Build | Blacksmith |
| 10:55 | Build | Mining Camp |
| 10:56 | Create | Villager (Male) |
| 11:30 | Research | Castle Age |
| 11:54 | Research | Double-Bit Axe |
| 12:13 | Research | Horse Collar |
| 12:37 | Build | Farm |
| 12:38 | Build | Farm |
| 12:57 | Build | House |
| 13:17 | Research | Stone Mining |
| 13:33 | Build | Farm |
| 13:39 | Build | Farm |
| 14:01 | Build | Farm |
| 14:10 | Age | Castle Age |
| 14:10 | Create | Villager (Male) |
| 14:23 | Build | Farm |
| 14:37 | Create | Villager (Male) |
| 14:59 | Build | House |
| 15:00 | Research | Loom |
| 15:16 | Build | Farm |
| 15:32 | Create | Villager (Male) |
| 15:43 | Build | Farm |
| 15:46 | Build | Farm |
| 15:59 | Create | Villager (Male) |
| 16:21 | Build | Castle |
| 16:25 | Create | Villager (Male) |
| 16:40 | Build | Farm |
| 16:45 | Build | Farm |
| 16:47 | Create | Villager (Male) |
| 17:08 | Create | Villager (Male) |
| 17:17 | Build | Siege Workshop |
| 17:25 | Create | Villager (Male) |
| 17:31 | Research | Gold Mining |
| 17:31 | Research | Gold Mining |
| 17:59 | Create | Villager (Male) |
| 18:03 | Create | Janissary |
| 18:10 | Build | Outpost |
| 18:14 | Create | Villager (Male) |
| 18:24 | Create | Janissary |
| 18:28 | Build | Mill |
| 18:51 | Create | Janissary |
| 18:59 | Create | Villager (Male) |
| 19:07 | Create | Janissary |
| 19:14 | Build | House |
| 19:14 | Create | Villager (Male) |
| 19:24 | Create | Janissary |
| 19:42 | Build | Farm |
| 19:45 | Build | Farm |
| 19:46 | Build | Farm |
| 19:51 | Create | Villager (Male) |
| 20:09 | Create | Villager (Male) |
| 20:11 | Build | Farm |
| 20:15 | Create | Janissary |
| 20:37 | Create | Villager (Male) |
| 20:51 | Create | Janissary |
| 20:54 | Create | Villager (Male) |
| 21:00 | Build | Farm |
| 21:04 | Build | Farm |
| 21:06 | Build | Farm |
| 21:07 | Create | Villager (Male) |
| 21:32 | Build | Farm |
| 21:37 | Build | House |
| 21:46 | Create | Villager (Male) |
| 22:17 | Create | Villager (Male) |
| 22:53 | Create | Villager (Male) |
| 23:07 | Research | Imperial Age |
| 23:24 | Build | Farm |
| 23:27 | Research | Bow Saw |
| 23:30 | Research | Heavy Plow |
| 24:03 | Build | Lumber Camp |
| 24:39 | Create | Villager (Male) |
| 25:08 | Build | Siege Workshop |
| 25:15 | Research | Padded Archer Armor |
| 25:17 | Create | Villager (Male) |
| 25:18 | Create | Janissary |
| 25:19 | Create | Janissary |
| 25:46 | Create | Janissary |
| 26:03 | Create | Villager (Male) |
| 26:04 | Create | Villager (Male) |
| 26:12 | Build | Town Center |
| 26:28 | Age | Imperial Age |
| 26:29 | Create | Bombard Cannon |
| 26:46 | Create | Scorpion |
| 26:50 | Create | Villager (Male) |
| 27:06 | Create | Bombard Cannon |
| 27:11 | Create | Villager (Male) |
| 27:11 | Create | Villager (Male) |
| 27:13 | Create | Villager (Male) |
| 27:13 | Create | Villager (Male) |
| 27:16 | Create | Bombard Cannon |
| 27:32 | Create | Villager (Male) |
| 27:33 | Create | Villager (Male) |
| 27:34 | Create | Villager (Male) |
| 28:27 | Build | Monastery |
| 28:36 | Create | Janissary |
| 28:51 | Create | Janissary |
| 28:57 | Create | Monk |
| 29:11 | Create | Janissary |
| 29:16 | Build | House |
| 29:18 | Create | Mangonel |
| 29:20 | Create | Bombard Cannon |
| 29:59 | Create | Villager (Male) |
| 30:00 | Create | Villager (Male) |
| 30:00 | Create | Villager (Male) |
| 30:01 | Create | Villager (Male) |
| 30:01 | Create | Villager (Male) |
| 30:03 | Build | Farm |
| 30:04 | Build | House |
| 31:00 | Create | Monk |
| 31:01 | Build | House |
| 31:02 | Build | House |
| 31:22 | Create | Villager (Male) |
| 31:22 | Create | Villager (Male) |
| 31:26 | Build | Town Center |
| 31:27 | Create | Villager (Male) |
| 31:28 | Create | Villager (Male) |
Build order — neutron_star
First 150 of 483 actions detected
| 0:01 | Create | Villager (Male) |
| 0:02 | Build | House |
| 0:03 | Build | House |
| 0:12 | Create | Villager (Male) |
| 0:20 | Create | Villager (Male) |
| 0:26 | Create | Villager (Male) |
| 1:30 | Create | Villager (Male) |
| 1:30 | Create | Villager (Male) |
| 1:53 | Build | Lumber Camp |
| 2:02 | Create | Villager (Male) |
| 2:18 | Create | Villager (Male) |
| 2:57 | Create | Villager (Male) |
| 3:16 | Create | Villager (Male) |
| 3:18 | Create | Villager (Male) |
| 3:52 | Build | House |
| 4:01 | Create | Villager (Male) |
| 4:15 | Build | Mill |
| 4:33 | Create | Villager (Male) |
| 4:40 | Build | House |
| 4:49 | Create | Villager (Male) |
| 5:05 | Create | Villager (Male) |
| 5:51 | Create | Villager (Male) |
| 5:57 | Build | House |
| 5:59 | Create | Villager (Male) |
| 6:00 | Create | Villager (Male) |
| 6:13 | Create | Villager (Male) |
| 6:23 | Create | Villager (Male) |
| 6:42 | Create | Villager (Male) |
| 8:06 | Research | Feudal Age |
| 8:06 | Research | Feudal Age |
| 9:46 | Build | House |
| 9:51 | Create | Villager (Male) |
| 9:53 | Create | Villager (Male) |
| 10:13 | Build | Farm |
| 10:15 | Build | Farm |
| 10:18 | Build | Farm |
| 10:32 | Age | Feudal Age |
| 10:34 | Build | Market |
| 10:39 | Build | Blacksmith |
| 10:55 | Research | Double-Bit Axe |
| 10:55 | Research | Double-Bit Axe |
| 11:26 | Research | Castle Age |
| 11:26 | Research | Castle Age |
| 12:05 | Research | Double-Bit Axe |
| 12:05 | Research | Double-Bit Axe |
| 12:13 | Build | Farm |
| 12:16 | Build | Farm |
| 12:20 | Build | Farm |
| 12:29 | Build | Farm |
| 12:37 | Research | Horse Collar |
| 12:38 | Research | Horse Collar |
| 13:15 | Build | Farm |
| 13:49 | Create | Villager (Male) |
| 14:06 | Age | Castle Age |
| 14:07 | Build | Town Center |
| 14:12 | Build | Town Center |
| 14:29 | Create | Villager (Male) |
| 14:34 | Create | Villager (Male) |
| 14:35 | Build | Farm |
| 14:46 | Build | Farm |
| 14:58 | Create | Villager (Male) |
| 15:24 | Build | Farm |
| 15:27 | Create | Villager (Male) |
| 15:28 | Create | Villager (Male) |
| 15:32 | Create | Villager (Male) |
| 15:33 | Create | Villager (Male) |
| 15:37 | Build | Farm |
| 15:45 | Create | Villager (Male) |
| 15:54 | Build | Farm |
| 16:01 | Create | Villager (Male) |
| 16:02 | Create | Villager (Male) |
| 16:03 | Build | Farm |
| 16:07 | Create | Villager (Male) |
| 16:10 | Create | Villager (Male) |
| 16:17 | Build | Farm |
| 16:25 | Create | Villager (Male) |
| 16:27 | Build | House |
| 16:39 | Create | Villager (Male) |
| 16:41 | Build | Farm |
| 16:43 | Build | Farm |
| 16:47 | Create | Villager (Male) |
| 16:49 | Build | Farm |
| 16:51 | Create | Villager (Male) |
| 16:53 | Build | House |
| 16:54 | Create | Villager (Male) |
| 17:07 | Build | Farm |
| 17:10 | Build | Farm |
| 17:21 | Research | Wheelbarrow |
| 17:28 | Create | Villager (Male) |
| 17:32 | Build | Farm |
| 17:44 | Create | Villager (Male) |
| 17:50 | Create | Villager (Male) |
| 17:54 | Build | House |
| 17:56 | Create | Villager (Male) |
| 17:59 | Create | Villager (Male) |
| 18:11 | Build | Town Center |
| 18:21 | Create | Villager (Male) |
| 18:25 | Build | House |
| 18:26 | Create | Villager (Male) |
| 18:27 | Create | Villager (Male) |
| 18:28 | Create | Villager (Male) |
| 18:31 | Build | Farm |
| 18:42 | Create | Villager (Male) |
| 18:44 | Build | Farm |
| 18:45 | Create | Villager (Male) |
| 18:55 | Build | House |
| 19:05 | Research | Bow Saw |
| 19:14 | Create | Villager (Male) |
| 19:15 | Build | Mining Camp |
| 19:16 | Create | Villager (Male) |
| 19:23 | Create | Villager (Male) |
| 19:24 | Build | House |
| 19:36 | Create | Villager (Male) |
| 19:38 | Build | Farm |
| 19:42 | Build | Farm |
| 19:42 | Create | Villager (Male) |
| 19:44 | Build | Farm |
| 19:45 | Create | Villager (Male) |
| 19:53 | Create | Villager (Male) |
| 19:54 | Build | House |
| 19:54 | Create | Villager (Male) |
| 20:03 | Create | Villager (Male) |
| 20:05 | Build | Farm |
| 20:06 | Create | Villager (Male) |
| 20:10 | Research | Loom |
| 20:10 | Research | Loom |
| 20:10 | Create | Villager (Male) |
| 20:14 | Create | Villager (Male) |
| 20:19 | Build | Farm |
| 20:21 | Build | Farm |
| 20:22 | Create | Villager (Male) |
| 20:25 | Build | Farm |
| 20:27 | Build | House |
| 20:30 | Create | Villager (Male) |
| 20:32 | Build | Farm |
| 20:35 | Build | Farm |
| 20:38 | Create | Villager (Male) |
| 20:43 | Research | Gold Mining |
| 20:46 | Create | Villager (Male) |
| 20:48 | Create | Villager (Male) |
| 20:52 | Build | Lumber Camp |
| 20:57 | Create | Villager (Male) |
| 21:02 | Create | Villager (Male) |
| 21:04 | Build | House |
| 21:09 | Create | Villager (Male) |
| 21:16 | Create | Villager (Male) |
| 21:20 | Create | Villager (Male) |
| 21:24 | Build | Farm |
| 21:27 | Build | Farm |
| 21:27 | Create | Villager (Male) |
Build order — verszomj
First 150 of 404 actions detected
| 0:01 | Create | Villager (Male) ×4 |
| 0:01 | Create | Villager (Male) ×4 |
| 0:03 | Build | House |
| 0:06 | Build | House |
| 1:23 | Create | Villager (Male) |
| 1:56 | Create | Villager (Male) |
| 1:57 | Create | Villager (Male) |
| 2:12 | Build | Lumber Camp |
| 2:14 | Create | Villager (Male) |
| 2:14 | Create | Villager (Male) |
| 2:14 | Create | Villager (Male) |
| 3:02 | Create | Villager (Male) |
| 3:02 | Create | Villager (Male) |
| 3:02 | Create | Villager (Male) |
| 3:02 | Create | Villager (Male) |
| 3:25 | Create | Villager (Male) |
| 3:25 | Create | Villager (Male) |
| 3:51 | Build | House |
| 3:53 | Build | House |
| 3:55 | Create | Villager (Male) |
| 3:55 | Create | Villager (Male) |
| 3:56 | Create | Villager (Male) |
| 3:56 | Create | Villager (Male) |
| 4:29 | Create | Villager (Male) |
| 4:30 | Create | Villager (Male) |
| 4:30 | Create | Villager (Male) |
| 4:44 | Build | Mill |
| 4:50 | Create | Villager (Male) |
| 4:51 | Create | Villager (Male) |
| 4:51 | Create | Villager (Male) |
| 5:00 | Create | Villager (Male) |
| 5:01 | Create | Villager (Male) |
| 5:19 | Create | Villager (Male) |
| 5:20 | Create | Villager (Male) |
| 5:20 | Create | Villager (Male) |
| 5:55 | Build | House |
| 6:18 | Create | Villager (Male) |
| 6:21 | Build | Mining Camp |
| 6:43 | Create | Villager (Male) |
| 6:54 | Build | Farm |
| 6:54 | Create | Villager (Male) |
| 6:55 | Create | Villager (Male) |
| 7:33 | Build | Farm |
| 8:02 | Build | Farm |
| 8:21 | Create | Villager (Male) |
| 8:36 | Research | Feudal Age |
| 8:54 | Build | Farm |
| 9:02 | Build | Farm |
| 9:25 | Build | Farm |
| 10:04 | Build | Farm |
| 10:09 | Build | Farm |
| 10:56 | Age | Feudal Age |
| 10:57 | Research | Castle Age |
| 10:58 | Research | Castle Age |
| 11:03 | Build | Lumber Camp |
| 11:17 | Research | Double-Bit Axe |
| 11:48 | Create | Villager (Male) |
| 11:48 | Create | Villager (Male) |
| 11:56 | Research | Horse Collar |
| 13:00 | Create | Villager (Male) |
| 13:00 | Create | Villager (Male) |
| 13:37 | Age | Castle Age |
| 13:42 | Build | Town Center |
| 13:48 | Build | Town Center |
| 13:50 | Research | Bow Saw |
| 13:51 | Research | Bow Saw |
| 14:21 | Create | Villager (Male) |
| 14:40 | Research | Heavy Plow |
| 14:55 | Create | Villager (Male) |
| 14:57 | Build | Farm |
| 15:02 | Create | Villager (Male) |
| 15:02 | Create | Villager (Male) |
| 15:09 | Create | Villager (Male) |
| 15:09 | Create | Villager (Male) |
| 15:13 | Build | Farm |
| 15:13 | Create | Villager (Male) |
| 15:13 | Create | Villager (Male) |
| 15:17 | Build | Farm |
| 15:25 | Build | Farm |
| 15:35 | Build | Farm |
| 15:38 | Create | Villager (Male) |
| 15:38 | Create | Villager (Male) |
| 15:38 | Create | Villager (Male) |
| 15:41 | Create | Villager (Male) |
| 15:42 | Create | Villager (Male) |
| 15:48 | Build | Farm |
| 15:50 | Create | Villager (Male) |
| 15:51 | Create | Villager (Male) |
| 15:51 | Create | Villager (Male) |
| 16:03 | Build | Farm |
| 16:03 | Create | Villager (Male) |
| 16:03 | Create | Villager (Male) |
| 16:06 | Build | Farm |
| 16:13 | Create | Villager (Male) |
| 16:13 | Create | Villager (Male) |
| 16:20 | Build | Farm |
| 16:21 | Create | Villager (Male) |
| 16:21 | Create | Villager (Male) |
| 16:21 | Create | Villager (Male) |
| 16:23 | Build | Farm |
| 16:32 | Build | House |
| 16:35 | Create | Villager (Male) |
| 16:35 | Create | Villager (Male) |
| 16:43 | Build | House |
| 16:44 | Build | House |
| 16:45 | Build | House |
| 16:49 | Build | House |
| 16:51 | Create | Villager (Male) |
| 16:51 | Create | Villager (Male) |
| 16:52 | Create | Villager (Male) |
| 17:02 | Build | Farm |
| 17:04 | Build | Farm |
| 17:05 | Create | Villager (Male) |
| 17:05 | Create | Villager (Male) |
| 17:06 | Create | Villager (Male) |
| 17:13 | Create | Villager (Male) |
| 17:14 | Create | Villager (Male) |
| 17:14 | Create | Villager (Male) |
| 17:21 | Build | Farm |
| 17:26 | Build | Farm |
| 17:27 | Create | Villager (Male) |
| 17:31 | Build | Farm |
| 17:36 | Build | Farm |
| 17:38 | Create | Villager (Male) |
| 17:38 | Create | Villager (Male) |
| 17:38 | Create | Villager (Male) |
| 17:42 | Create | Villager (Male) |
| 17:50 | Build | Stable |
| 17:52 | Create | Villager (Male) |
| 18:02 | Build | Farm |
| 18:06 | Build | Farm |
| 18:07 | Create | Villager (Male) |
| 18:07 | Create | Villager (Male) |
| 18:07 | Create | Villager (Male) |
| 18:09 | Create | Villager (Male) |
| 18:09 | Create | Villager (Male) |
| 18:18 | Build | Farm |
| 18:20 | Build | Farm |
| 18:21 | Create | Villager (Male) |
| 18:21 | Create | Villager (Male) |
| 18:21 | Create | Villager (Male) |
| 18:22 | Create | Villager (Male) |
| 18:25 | Build | House |
| 18:28 | Create | Villager (Male) |
| 18:44 | Build | Monastery |
| 18:45 | Create | Villager (Male) |
| 18:45 | Create | Villager (Male) |
| 18:47 | Build | House |
| 18:48 | Build | House |
| 18:49 | Build | House |
Match timeline
| 10:08 | 23 · age_up feudal |
| 10:26 | 啥牌子的 · age_up feudal |
| 10:32 | neutron_star · age_up feudal |
| 10:56 | ntn88 · age_up feudal |
| 10:56 | verszomj · age_up feudal |
| 10:59 | 飞天的飞 · age_up feudal |
| 11:28 | 啥牌子的 · first_market_sell 100 wood |
| 11:29 | 啥牌子的 · first_market_buy 100 food |
| 11:52 | 骑在你身上揍你 · age_up feudal |
| 13:37 | verszomj · age_up castle |
| 13:55 | 啥牌子的 · age_up castle |
| 14:06 | neutron_star · age_up castle |
| 14:10 | 23 · age_up castle |
| 14:30 | 飞天的飞 · age_up castle |
| 14:38 | 飞天的飞 · first_building Monastery |
| 14:44 | 飞天的飞 · first_building Castle |
| 14:51 | ntn88 · age_up castle |
| 15:24 | 啥牌子的 · first_building Monastery |
| 15:27 | 骑在你身上揍你 · age_up castle |
| 15:33 | 骑在你身上揍你 · first_building Castle |
| 16:12 | ntn88 · first_building Siege Workshop |
| 16:21 | 23 · first_building Castle |
| 16:24 | MildCell4213763 · first_market_buy 100 wood |
| 17:17 | 23 · first_building Siege Workshop |
| 17:50 | verszomj · first_building Stable |
| 18:24 | MildCell4213763 · first_building Castle |
| 18:44 | verszomj · first_building Monastery |
| 19:02 | 骑在你身上揍你 · wall_segment Stone Wall x1 |
| 19:21 | ntn88 · first_building Barracks |
| 19:23 | 飞天的飞 · first_building Siege Workshop |
| 19:30 | 骑在你身上揍你 · first_market_buy 100 food |
| 19:48 | 骑在你身上揍你 · wall_segment Stone Wall x5 |
| 19:49 | 骑在你身上揍你 · wall_segment Stone Wall x1 |
| 19:50 | 骑在你身上揍你 · wall_segment Stone Wall x1 |
| 20:15 | ntn88 · first_market_buy 100 stone |
| 20:21 | ntn88 · first_building Castle |
| 22:35 | verszomj · first_market_buy 100 stone |
| 22:47 | neutron_star · first_building Monastery |
| 22:56 | 飞天的飞 · first_market_buy 100 wood |
| 23:02 | 23 · first_market_sell 100 food |
| 23:25 | 骑在你身上揍你 · first_market_sell 100 wood |
| 23:45 | verszomj · first_market_sell 500 wood |
| 23:49 | neutron_star · first_building Barracks |
| 24:36 | ntn88 · first_market_sell 100 wood |
| 24:44 | neutron_star · first_building Archery Range |
| 24:51 | MildCell4213763 · first_building Barracks |
| 25:16 | 啥牌子的 · first_building Barracks |
| 25:35 | neutron_star · wall_segment Stone Wall x1 |
| 25:36 | neutron_star · wall_segment Stone Wall x1 |
| 25:43 | neutron_star · wall_segment Stone Wall x1 |
| 25:45 | MildCell4213763 · first_building Stable |
| 25:57 | 啥牌子的 · first_building Stable |
| 26:19 | 23 · first_market_buy 100 wood |
| 26:28 | 23 · age_up imperial |
| 26:48 | 骑在你身上揍你 · age_up imperial |
| 26:54 | 飞天的飞 · first_market_sell 100 food |
| 27:07 | neutron_star · wall_segment Palisade Wall x1 |
| 27:07 | neutron_star · wall_segment Palisade Wall x1 |
| 27:09 | neutron_star · wall_segment Palisade Wall x1 |
| 27:10 | neutron_star · wall_segment Palisade Wall x1 |
| 27:25 | 啥牌子的 · age_up imperial |
| 27:30 | verszomj · age_up imperial |
| 27:35 | neutron_star · first_building Stable |
| 27:51 | ntn88 · age_up imperial |
| 28:20 | neutron_star · first_building Castle |
| 28:27 | 23 · first_building Monastery |
| 28:48 | 啥牌子的 · first_building Castle |
| 29:10 | neutron_star · age_up imperial |
| 29:18 | 骑在你身上揍你 · wall_segment Stone Wall x3 |
| 30:17 | 飞天的飞 · age_up imperial |
| 30:32 | neutron_star · wall_segment Palisade Wall x1 |
| 31:14 | 飞天的飞 · first_building Barracks |
| 31:23 | verszomj · first_building Castle |
| 31:54 | 飞天的飞 · first_building Archery Range |
| 32:29 | neutron_star · first_market_sell 100 food |
| 32:55 | neutron_star · wall_segment Palisade Wall x1 |
| 32:58 | neutron_star · wall_segment Palisade Wall x1 |
| 34:03 | 骑在你身上揍你 · wall_segment Stone Wall x1 |
| 35:01 | neutron_star · wall_segment Palisade Wall x1 |
| 35:04 | neutron_star · wall_segment Palisade Wall x1 |
| 35:06 | neutron_star · wall_segment Palisade Wall x1 |
| 35:07 | neutron_star · wall_segment Palisade Wall x1 |
| 35:51 | ntn88 · resign |
[ AI ANALYSIS · 1 CREDIT ]
What really happened in this match?
Wolo.gg analyzes every decision: build order, eco, micro, common mistakes by bracket. Personalized analysis on WhatsApp or Discord in 30 seconds.
Civ guide
Italians
Map guide
Arena
Perfil
Jugador #24924104